 Dungeon Crawl Stone Soup version 0.20-a0-11-ga97c7b5 (webtiles) character file.

3170 MrRokkomies the Arsonist (level 9, 0/64 HPs)
             Began as a Demigod Fire Elementalist on Nov 2, 2016.
             Slain by a worker ant (2 damage)
             ... on level 9 of the Dungeon.
             The game lasted 00:26:49 (9975 turns).

MrRokkomies the Arsonist (DgFE)                     Turns: 9975, Time: 00:26:50

Health: 0/64       AC:  9    Str: 11    XL:     9   Next: 36%
Magic:  19/23      EV: 10    Int: 25    God:
Gold:   605        SH:  3    Dex: 16    Spells: 3 memorised, 3 levels left

rFire  . . .     SeeInvis .     g - +4 falchion "Moim" {flame, +Fly}
rCold  + . .     Gourm    .     y - +1 ring mail {rC+}
rNeg   . . .     Faith    .     f - +0 buckler
rPois  .         Spirit   .     (no helmet)
rElec  .         Reflect  .     (no cloak)
rCorr  .         Harm     .     e - +2 pair of gloves
MR     +....                    (no boots)
Stlth  +.........               s - amulet of magic regeneration
                                m - ring of magical power
                                r - ring of protection from magic

@: no status effects
A: high mp 1, sense surroundings 1
a: Evoke Flight


You were on level 9 of the Dungeon.
You were not hungry.

You visited 1 branch of the dungeon, and saw 9 of its levels.
You also visited: Sewer.

You collected 605 gold pieces.

Inventory:

Hand Weapons
 g - the +4 falchion "Moim" (weapon) {flame, +Fly}
   (You found it on level 4 of the Dungeon)

   It has been specially enchanted to burn those struck by it, causing extra
   injury to most foes and up to half again as much damage against particularly
   susceptible opponents.
   Big, fiery blades are also staple armaments of hydra-hunters.
   It lets you fly.
Armour
 e - a +2 pair of gloves (worn)
 f - a +0 buckler (worn)
 y - a +1 ring mail of cold resistance (worn)
Jewellery
 m - a ring of magical power (right hand)
 r - a ring of protection from magic (left hand)
 s - an amulet of magic regeneration (around neck)
Wands
 i - a wand of confusion (16/48)
 l - a wand of flame (27/48)
 n - a wand of enslavement (9/24)
 o - a wand of random effects (18/48)
 t - a wand of iceblast (3/15)
 u - a wand of iceblast (9/15)
 x - a wand of random effects (21/48)
Scrolls
 j - a scroll of fog
 k - 5 scrolls of enchant armour
 w - 3 scrolls of remove curse
 C - a scroll of enchant weapon
Potions
 h - a potion of flight
 q - a potion of agility
 z - a potion of brilliance
 A - 2 potions of lignification {unknown}
 B - 2 potions of magic
Books
 b - a book of Flames

   Spells                             Type                      Level
   a - Flame Tongue                   Conjuration/Fire             1
   b - Throw Flame                    Conjuration/Fire             2
   c - Conjure Flame                  Conjuration/Fire             3
   d - Inner Flame                    Hexes/Fire                   3
   e - Sticky Flame                   Conjuration/Fire             4
   f - Fireball                       Conjuration/Fire             5
Comestibles
 a - 2 beef jerkies
 c - 4 bread rations
 d - 3 meat rations
 p - 2 fruits


   Skills:
 * Level 1.5 Fighting
 - Level 1.7 Dodging
 - Level 1.7 Stealth
 - Level 1.7 Spellcasting
 * Level 9.0 Conjurations
 - Level 9.0 Fire Magic


You had 3 spell levels left.
You knew the following spells:

 Your Spells              Type           Power        Failure   Level  Hunger
a - Flame Tongue          Conj/Fire      #####        1%          1    #......
b - Conjure Flame         Conj/Fire      #####...     4%          3    ###....
c - Sticky Flame          Conj/Fire      #####...     14%         4    #####..


Dungeon Overview and Level Annotations

Branches:
Dungeon (9/15)             Temple (0/1) D:7
   Lair: D:8-11         Orc: D:9-12

Annotations:
D:4 MrRokkomies's ghost, amateur DgCj
D:7 1 runed door
D:9 Grum


Innate Abilities, Weirdness & Mutations

You have an increased reservoir of magic. (+10% MP)
You passively map a small area around you.


Message History

As you read the scroll of teleportation, it crumbles to dust.
You feel strangely unstable.
The wolf splashes around in the water.
The adder closely misses you.
Grum is engulfed in a cloud of scalding steam.
Grum hits you but does no damage.
The wolf splashes around in the water.
The adder bites you but does no damage.
Grum is engulfed in a cloud of scalding steam.
Your surroundings suddenly seem different.
Found 27 gold pieces.
A worker ant comes into view.
The worker ant twitches its antennae in your direction.
Casting: Flame Tongue
Confirm with . or Enter, or press ? or * to list all spells.
Aiming: Flame Tongue
Press: ? - help, Shift-Dir - straight line, f - worker ant
Aim: a worker ant The flame tongue hits the worker ant.
The worker ant is heavily wounded.
The worker ant bites you.
You die...

* * #####* ,
#....###
#....#.### ..
##........##,...,
,
#.#........#....
#$......#.......
,
#.#.....@a......
,
#.....#.$.......
, ##.#.....##....
, , ####..# ... *
, , ....+ . * ,
...##,, , * ,
##.# ** , .. ,
...


You could see a worker ant.

Vanquished Creatures
  Menkaure (D:4)
  A black bear (D:7)
  An ogre (D:8)
  2 orc warriors
  3 phantoms
  2 centaurs
  A wolf (D:9)
  7 bullfrogs
  2 scorpions
  A killer bee (D:7)
  5 wights (D:7)
  3 howler monkeys (D:8)
  2 electric eels (D:9)
  3 crimson imps
  3 orc priests
  A centaur skeleton (D:5)
  6 hounds
  A bullfrog skeleton (D:4)
  3 orc wizards
  9 worker ants
  4 gnolls (D:8)
  A howler monkey skeleton (D:6)
  17 adders
  10 oozes
  4 worms
  8 dart slugs
  22 leopard geckos
  23 orcs
  16 giant cockroaches
  10 goblins
  8 hobgoblins
  8 jackals
  9 kobolds
  2 quokkas
  11 ball pythons (Sewer)
  A bat (D:3)
  16 frilled lizards
  A leopard gecko zombie (D:7)
  4 rats
232 creatures vanquished.

Notes
Turn   | Place    | Note
-------+----------+-------------------------------------------
     0 | D:1      | MrRokkomies the Demigod Fire Elementalist began the quest for the Orb.
     0 | D:1      | Reached XP level 1. HP: 14/14 MP: 5/5
    11 | D:1      | Reached skill level 1 in Conjurations
   176 | D:1      | Reached XP level 2. HP: 12/20 MP: 7/7
   893 | D:1      | Reached XP level 3. HP: 26/26 MP: 4/8
   930 | D:1      | You fall through a shaft!
   987 | D:2      | Found a shadowy altar of Dithmenos.
  1163 | D:2      | Found a shimmering altar of Xom.
  1168 | D:2      | Learned a level 3 spell: Conjure Flame
  1459 | D:2      | Reached XP level 4. HP: 28/33 MP: 9/9
  2209 | D:3      | Found a faded altar of an unknown god.
  2471 | D:3      | Reached XP level 5. HP: 6/38 MP: 10/10
  2482 | D:3      | HP: 1/38 [orc wizard/puff of flame (10)]
  2942 | D:4      | Noticed Menkaure
  2946 | D:4      | Killed Menkaure
  2946 | D:4      | Reached skill level 5 in Fire Magic
  2946 | D:4      | Reached XP level 6. HP: 45/45 MP: 11/11
  3333 | D:4      | Found an opulent altar of Gozag.
  3342 | D:4      | Got a warped falchion
  3343 | D:4      | Identified the +4 falchion "Moim" {flame, +Fly} (You found it on level 4 of the Dungeon)
  3504 | D:4      | Noticed MrRokkomies's ghost (amateur DgCj)
  3519 | D:5      | Entered Level 5 of the Dungeon
  3813 | D:5      | Found a glowing drain.
  3843 | D:5      | Reached XP level 7. HP: 22/50 MP: 12/12
  3846 | D:5      | Reached skill level 5 in Conjurations
  4008 | Sewer    | Entered a sewer
  4138 | Sewer    | Learned a level 4 spell: Sticky Flame
  5426 | D:5      | You fall through a shaft for 2 floors!
  5535 | D:7      | Found a runed door.
  5563 | D:7      | Found a runed door.
  5577 | D:7      | Reached XP level 8. HP: 55/57 MP: 13/13
  5702 | D:6      | Found a stormy altar of Qazlal.
  6760 | D:7      | Gained mutation: You passively map a small area around you. [potion of beneficial mutation]
  6864 | D:7      | Found a staircase to the Ecumenical Temple.
  8357 | D:7      | Reached XP level 9. HP: 21/62 MP: 14/14
  8896 | D:8      | Found a burning altar of Makhleb.
  8896 | D:8      | Found a glowing silver altar of Zin.
  8897 | D:8      | Noticed an angel
  8897 | D:8      | Noticed a cacodemon
  9775 | D:9      | Reached skill level 1 in Fighting
  9954 | D:9      | Noticed Grum
  9969 | D:9      | HP: 1/64 [Grum/spear (8)]
  9975 | D:9      | Slain by a worker ant

Vault maps used:
D:1:      evilmike_arrival_run_for_it, solitary_fountain,
          hangedman_decor_growths, serial_bayou_ford_a
D:2:      lemuel_round_altar, xom_teletrap_fun, serial_bayou,
          serial_bayou_pond_d, serial_bayou_lagoon_a, serial_bayou_pond_d,
          serial_bayou_shore_a
D:3:      ecumenical_altar_2, minmay_misc_feat_encased
D:4:      first_bread, grunt_gozag_breadcrumbs, uniq_menkaure
D:5:      gup_sewer_entry_glass
D:6:      nicolae_qazlal_style_of_elements
D:7:      lemuel_insect_pit
D:8:      grunt_temple_overflow_order_and_chaos_2
D:9:      uniq_grum
Sewer:    sewer_frog_island_02

Skill      XL: |  1  2  3  4  5  6  7  8  9 |
---------------+----------------------------+-----
Conjurations   | 1 2 3 4 6 8 9 |  9.0
Fire Magic     | 3 4 5 6 8 9 |  9.0
Fighting       | 1 |  1.5
Dodging        | |  1.7
Stealth        | |  1.7
Spellcasting   | |  1.7

Action                   |  1- 3 |  4- 6 |  7- 9 || total
-------------------------+-------+-------+-------++-------
Melee: Unarmed           |    43 |       |       ||    43
       Dagger            |    43 |       |       ||    43
       Mace              |    45 |    89 |       ||   134
       Falchion          |       |    44 |   409 ||   453
 Cast: Flame Tongue      |    28 |    34 |    86 ||   148
       Sticky Flame      |       |       |     2 ||     2
       Conjure Flame     |       |       |     1 ||     1
  Use: Scroll            |     4 |    10 |     7 ||    21
       Potion            |       |     2 |     3 ||     5
 Stab: Sleeping          |     1 |       |     1 ||     2
       Distracted        |       |       |     1 ||     1
  Eat: Chunk             |     2 |     9 |    23 ||    34
Armor: Robe              |    14 |       |       ||    14
       Scale mail        |    47 |    82 |       ||   129
       Ring mail         |       |    20 |   240 ||   260
Dodge: Dodged            |    65 |    83 |   297 ||   445
Block: Buckler           |       |     9 |    82 ||    91
       Rpst.: Falchion   |       |     7 |    99 ||   106
